Map: Lost and Found LE

Players

Nerchio - Winner!

  • Race: Zerg Zerg
  • Spawn Location: 7:00

ShoWTimE

  • Race: Protoss Protoss
  • Spawn Location: 1:00

Event: WCS Montreal 2018

VOD

Have the link to the VOD?

Description

Time

  • Played on: Sept. 7, 2018, 8:26 p.m.
  • Length: 10:07

All games in this series

Show
View Real Time Build Order
Export as new Build Order

Nerchio Zerg - Winner!

Build Orders: Hatch First, Roach Hydra 

Get SALT Encoding   

  12  0:00  Drone  
  13  0:12  Overlord  
  13  0:16  Drone  
  14  0:31  Drone x2  
  14  0:35  Drone  
  17  0:52  Hatchery  
  17  0:55  Drone  
  17  0:58  Drone  
  18  1:07  Extractor  
  17  1:13  Spawning Pool  
  17  1:16  Drone  
  17  1:19  Drone  
  18  1:28  Drone  
  19  1:38  Overlord  
  19  1:49  Drone  
  20  1:59  Queen  
  20  2:00  Zergling x2  
  23  2:03  Queen  
  23  2:07  Metabolic Boost  
  25  2:08  Drone  
  25  2:11  Drone  
  25  2:15  Drone  
  28  2:21  Zergling x2  
  29  2:35  Hatchery  
  28  2:37  Drone  
  28  2:39  Drone  
  28  2:41  Drone  
  31  2:44  Drone  
  31  2:50  Overlord  
  31  2:59  Drone x2  
  31  3:04  Queen  
  35  3:09  Overlord  
  35  3:12  Drone x3  
  38  3:15  Drone  
  38  3:16  Drone  
  38  3:18  Drone  
  41  3:20  Drone  
  41  3:23  Drone  
  41  3:26  Overlord  
  43  3:33  Queen  
  45  3:35  Drone  
  46  3:42  Spore Crawler  
  46  3:43  Spore Crawler  
  46  3:45  Queen  
  46  3:48  Drone  
  47  3:49  Drone  
  47  3:50  Drone  
  47  3:54  Drone x2  
  51  3:55  Drone  
  51  3:57  Drone  
  53  4:04  Spore Crawler, Roach Warren  
  53  4:06  Drone  
  53  4:07  Drone  
  54  4:10  Drone  
  54  4:12  Drone  
  54  4:14  Overlord  
  55  4:19  Overlord  
  55  4:20  Drone x2  
  57  4:25  Overlord  
  57  4:27  Extractor  
  57  4:30  Lair  
  56  4:32  Overlord  
  56  4:41  Drone  
  56  4:42  Drone x2  
  56  4:43  Extractor  
  56  4:45  Roach x3  
  64  4:46  Drone x2  
  64  4:47  Drone  
  67  5:02  Roach x3  
  67  5:04  Drone x6  
  79  5:08  Overlord  
  79  5:13  Overlord  
  79  5:17  Queen  
  79  5:18  Roach x3  
  79  5:20  Overlord  
  87  5:28  Overseer  
  87  5:29  Glial Reconstitution  
  87  5:31  Roach x2  
  87  5:34  Evolution Chamber  
  90  5:41  Roach x3  
  96  5:47  Drone x11  
  107  5:50  Extractor  
  107  5:52  Extractor  
  107  5:57  Drone x5  
  106  5:58  Extractor  
  106  5:59  Drone, Hydralisk Den  
  106  6:00  Drone  
  109  6:06  Overlord  
  111  6:11  Roach x2  
  111  6:16  Zerg Melee Weapons Level 1  
  113  6:20  Baneling Nest  
  113  6:21  Overlord x3  
  112  6:27  Overlord  
  112  6:40  Drone x8  
  112  6:42  Overlord  
  120  6:49  Hatchery  
  120  6:51  Grooved Spines  
  120  6:52  Evolution Chamber  
  118  6:54  Hydralisk  
  118  6:55  Hydralisk x5  
  118  6:59  Hydralisk x2  
  134  7:02  Queen  
  134  7:03  Hydralisk  
  134  7:07  Centrifical Hooks  
  138  7:18  Zerg Missile Weapons Level 1  
  138  7:28  Drone x3  
  138  7:29  Infestation Pit  
  140  7:35  Pneumatized Carapace  
  140  7:36  Hydralisk x3  
  142  7:41  Drone  
  142  7:42  Drone x3  
  150  7:45  Overlord  
  150  7:52  Hatchery  
  150  7:53  Zergling x22  
  160  8:02  Muscular Augments  
  160  8:03  Zergling x2  
  160  8:04  Zergling x6  
  164  8:06  Zergling x2, Hive  
  164  8:07  Zergling x2  
  162  8:13  Zergling x4  
  164  8:24  Queen  
  164  8:27  Zergling x20  
  167  8:28  Overlord  
  176  8:35  Extractor  
  176  8:37  Baneling  
  176  8:38  Baneling x28  
  175  8:43  Overlord  
  175  8:45  Overseer  
  175  8:51  Extractor  
  174  8:58  Spire, Zergling x2  
  174  8:59  Zergling x4  
  176  9:12  Baneling x13  
  176  9:15  Zergling x28  
  185  9:28  Zergling x2  
  178  9:36  Hydralisk x11  
  186  9:40  Hydralisk  
  186  9:44  Zergling x2  
Show
View Real Time Build Order
Export as new Build Order

ShoWTimE Protoss 

Build Orders: 1 Gate Expand, Oracle Opening, Phoenix Opening, Archon Immortal, Zealot Archon, Archon Drop 

Get SALT Encoding   

  12  0:00  Probe  
  13  0:12  Probe  
  14  0:17  Pylon  
  14  0:24  Probe  
  15  0:32  Probe  
  15  0:37  Gateway  
  15  0:40  Probe  
  16  0:46  Assimilator  
  17  0:51  Probe  
  18  1:03  Probe  
  19  1:15  Probe  
  20  1:24  Nexus  
  20  1:34  Cybernetics Core  
  20  1:37  Probe  
  21  1:42  Assimilator  
  21  1:50  Probe  
  21  1:53  Pylon  
  22  2:02  Probe  
  22  2:03  Adept  
  23  2:14  Probe  
  26  2:16  Stargate  
  26  2:23  Warp Gate  
  26  2:26  Probe  
  26  2:28  Adept  
  27  2:32  Probe  
  30  2:38  Probe  
  30  2:40  Probe  
  31  2:50  Probe  
  31  2:51  Probe  
  33  2:52  Phoenix  
  34  3:02  Probe  
  34  3:03  Probe  
  34  3:05  Oracle  
  38  3:13  Gateway  
  38  3:14  Probe  
  38  3:15  Probe  
  43  3:22  Pylon  
  43  3:26  Probe  
  44  3:27  Assimilator  
  44  3:28  Probe  
  44  3:31  Assimilator  
  45  3:38  Probe  
  46  3:42  Probe  
  46  3:43  Robotics Facility  
  47  3:50  Probe  
  47  3:51  Twilight Council  
  47  3:54  Probe  
  49  4:01  Pylon  
  49  4:02  Probe  
  49  4:03  Probe  
  51  4:10  Probe  
  51  4:15  Probe  
  53  4:19  Gateway x2  
  53  4:20  Warp Prism  
  53  4:25  Probe  
  53  4:31  Templar Archives  
  56  4:35  Adept  
  56  4:38  Zealot  
  60  4:41  Pylon  
  60  4:49  Pylon  
  60  4:59  Nexus  
  60  5:02  Probe x2  
  60  5:05  Observer  
  60  5:06  Forge  
  63  5:09  Shield Battery  
  63  5:15  Probe x2  
  63  5:16  Pylon  
  63  5:18  Immortal  
  63  5:20  High Templar x4  
  73  5:24  Archon  
  73  5:25  Archon  
  73  5:31  Probe  
  73  5:32  Protoss Ground Weapons Level 1  
  73  5:34  Probe  
  79  5:43  Probe  
  79  5:45  Charge  
  79  5:46  Probe  
  81  5:56  Probe  
  82  5:57  Robotics Facility, Immortal  
  83  6:10  Probe x2  
  88  6:12  Gateway  
  88  6:17  Gateway, Probe  
  89  6:20  Pylon  
  89  6:21  Sentry  
  89  6:22  Probe x2  
  89  6:25  Psionic Storm  
  93  6:29  Probe  
  94  6:34  Probe x2, Assimilator  
  94  6:36  Pylon  
  94  6:39  Assimilator  
  96  6:40  Immortal  
  96  6:41  Probe  
  96  6:46  Probe x2  
  99  6:49  Gateway  
  99  6:53  Probe  
  100  6:54  Gateway  
  100  6:58  Probe  
  100  7:00  High Templar  
  103  7:03  Protoss Ground Weapons Level 2  
  103  7:04  Pylon  
  103  7:06  High Templar  
  105  7:09  Probe  
  105  7:10  Photon Cannon  
  105  7:12  Pylon, Photon Cannon  
  105  7:14  Photon Cannon  
  106  7:17  High Templar, Shield Battery  
  108  7:24  High Templar  
  110  7:39  Nexus  
  110  7:41  Pylon  
  107  7:44  High Templar  
  107  7:45  Pylon  
  109  7:57  High Templar  
  111  7:59  Probe  
  111  8:00  Probe x2  
  111  8:01  Zealot x3  
  120  8:07  Shield Battery  
  120  8:10  Shield Battery  
  120  8:12  Shield Battery  
  120  8:14  Immortal x2  
  120  8:15  Photon Cannon  
  120  8:17  Photon Cannon  
  120  8:19  Photon Cannon  
  128  8:21  Fleet Beacon  
  128  8:25  Assimilator  
  128  8:30  Assimilator  
  128  8:38  Stargate  
  128  8:42  Zealot x3  
  134  8:50  High Templar x2  
  134  8:53  Observer  
  134  8:55  Archon, Zealot  
  139  8:56  Zealot x2  
  145  9:08  Pylon  
  145  9:10  Pylon  
  143  9:21  Zealot x3  
  149  9:27  Zealot  
  149  9:28  Zealot x2  
  149  9:29  Zealot  
  149  9:30  Probe x2  
  140  9:31  Probe  
  140  9:35  Zealot  
  121  9:42  Probe x2  
  119  9:49  Zealot x2  
  119  9:50  Zealot x3  
  101  9:55  Zealot  
Tags
 
Add a new tag
Caveats
  • Supply blocks, unpowered buildings, or Contaminate may cause inaccurate times.
  • Supply counts are checked every 10 seconds.